 Dungeon Crawl Stone Soup version 0.22-a0-542-gce4f928 (webtiles) character file.

46 vierth the Covered (level 3, -4/33 HPs)
             Began as a Minotaur Fighter on June 24, 2018.
             Slain by Sigmund
             ... wielding a +0 scythe
              (5 damage)
             ... on level 2 of the Dungeon.
             The game lasted 00:01:51 (996 turns).

vierth the Covered (Minotaur Fighter)                Turns: 996, Time: 00:01:52

Health: -4/33      AC:  9    Str: 21    XL:     3   Next: 44%
Magic:  2/2        EV:  5    Int:  5    God:
Gold:   96         SH:  0    Dex:  9    Spells: 2/2 levels left

rFire    . . .     SeeInvis .   a - +0 war axe
rCold    . . .     Gourm    .   c - +0 shield
rNeg     . . .     Faith    .   j - +0 chain mail (curse)
rPois    .         Spirit   .   (helmet restricted)
rElec    .         Reflect  .   (no cloak)
rCorr    .         Harm     .   (no gloves)
MR       .....                  (no boots)
Stlth    ..........             (no amulet)
HPRegen  0.11/turn              (no ring)
MPRegen  0.08/turn              (no ring)

@: confused
A: retaliatory headbutt, horns 2
a: no special abilities


You were on level 2 of the Dungeon.
You were hungry.

You visited 1 branch of the dungeon, and saw 2 of its levels.

You collected 96 gold pieces.

Inventory:

Hand Weapons
 a - a +0 war axe (weapon)
Armour
 b - a +0 scale mail
 c - a +0 shield (worn)
 j - a cursed +0 chain mail (worn)
Jewellery
 p - a +3 amulet of reflection {unknown}
Scrolls
 e - 2 scrolls of remove curse {unknown}
 g - a scroll of blinking {unknown}
 h - a scroll of enchant weapon {unknown}
 k - a scroll of noise {unknown}
 n - a scroll of teleportation {unknown}
 o - 2 scrolls of identify {unknown}
Potions
 d - 2 potions of might
 i - 2 potions of brilliance {unknown}
 l - a potion of haste {unknown}
 m - a potion of flight {unknown}
Comestibles
 f - 3 rations


   Skills:
 + Level 4.0 Fighting
 * Level 3.4 Axes
 + Level 4.1 Armour
 + Level 4.0 Shields


You had 2 spell levels left.
You didn't know any spells.
Your spell library was empty.

Dungeon Overview and Level Annotations

Branches:
Dungeon (2/15)

Altars:

Annotations:
D:2 Sigmund


Innate Abilities, Weirdness & Mutations

You reflexively headbutt those who attack you in melee.
You have a pair of horns on your head.


Message History

Sigmund is almost dead.
Sigmund gestures at you while chanting.
You are confused.
You bump into the rock wall.
Sigmund completely misses you.
You miss Sigmund.
Sigmund is almost dead.
Sigmund mumbles some strange words.
Sigmund flickers and vanishes!
You bump into the rock wall.
You hear some strange, mumbled words.
A puff of flame appears from out of thin air!
The puff of flame hits you!
* * * LOW HITPOINT WARNING * * *
You bump into the rock wall.
Something hits you.
* * * LOW HITPOINT WARNING * * *
You bump into the rock wall.
You bump into the rock wall.
You are feeling hungry.
Something hits you.
You die...

#.# ##'## #...# # #.#
#.# #.### # #.# #.# #.#
#.# ##.## #.#
##.######...##########.#
#....<.................#
#..#..##....<###########
#..#..##.#.#.#
#........#.#@#
#.....####.#{#
####.#####.#.#
#.........# #######.###
#.# ### #.# ..# #.#
####.# #{#


There were no monsters in sight!

Vanquished Creatures
  An adder (D:2)
  A worm (D:2)
  A dart slug (D:1)
  A leopard gecko (D:1)
  A giant cockroach (D:1)
  3 goblins (D:1)
  7 hobgoblins
  5 kobolds
  2 ball pythons (D:1)
  3 bats (D:1)
  2 frilled lizards (D:1)
  3 rats (D:1)
30 creatures vanquished.

Notes
Turn   | Place    | Note
-------+----------+-------------------------------------------
     0 | D:1      | vierth the Minotaur Fighter began the quest for the Orb.
     0 | D:1      | Reached XP level 1. HP: 19/19 MP: 0/0
   220 | D:1      | Reached XP level 2. HP: 27/27 MP: 1/1
   355 | D:1      | Reached XP level 3. HP: 26/33 MP: 2/2
   852 | D:2      | Noticed Sigmund
   994 | D:2      | HP: 1/33 [something (1)]
   996 | D:2      | Slain by Sigmund

Vault maps used:
D:1:      minmay_arrival_open_corners, kennysheep_boxes
D:2:      first_ration, uniq_sigmund

Skill      XL: |  1  2  3 |
---------------+----------+-----
Axes           | 3 |  3.4
Armour         | 4 |  4.1
Fighting       | 4 |  4.0
Shields        | 4 |  4.0

Action                   || total
-------------------------++-------
Melee: War axe           ||    95
       Headbutt          ||    11
Armor: Scale mail        ||    40
       Chain mail        ||    16
Dodge: Dodged            ||    27
Block: Shield            ||    42

Table legend:
 A = Spawn XP
 B = Non-spawn XP
 C = Spawn XP percentage of total XP
 D = Spawn monster count
 E = Non-spawn monster count
 F = Spawn count percentage of total count
 G = Total turns spent on level
                    A         B        C        D         E        F      G
               +---------+---------+-------+---------+---------+-------+---------
         Total |       0 |      66 |   0.0 |       0 |      30 |   0.0 |   996
               +---------+---------+-------+---------+---------+-------+---------
           D:1 |       0 |      43 |   0.0 |       0 |      25 |   0.0 |   662
           D:2 |       0 |      23 |   0.0 |       0 |       5 |   0.0 |   334
               +---------+---------+-------+---------+---------+-------+---------
